 Dungeon Crawl Stone Soup version 0.29.1-12-g30fa7ad0bf (webtiles) character file.

Game seed: 16521240693329447996

244 zeram the Shooter (level 5, -1/25 HPs)
             Began as a Spriggan Hunter on Dec 13, 2022.
             Shot with a sling bullet by a goblin (4 damage)
             ... led by Robin
             ... on level 4 of the Dungeon.
             The game lasted 00:06:07 (3805 turns).

zeram the Shooter (Spriggan Hunter)                 Turns: 3805, Time: 00:06:08

Health: -1/25      AC:  3    Str:  7    XL:     5   Next: 83%
Magic:  6/6        EV: 18    Int: 12    God:
Gold:   168        SH:  0    Dex: 19    Spells: 4/4 levels left

rFire   . . .      SeeInvis +   a - +0 shortbow
rCold   . . .      Faith    .   (shield currently unavailable)
rNeg    . . .      Spirit   .   c - +1 robe
rPois   .          Reflect  .   (helmet restricted)
rElec   .          Harm     .   (no cloak)
rCorr   .          Rampage  .   (gloves unavailable)
Will    .....                   (boots unavailable)
Stlth   ++........              (no amulet)
HPRegen 0.08/turn               (no ring)
MPRegen 0.10/turn               (no ring)

@: very quick
A: very small, no large weapons, unfitting armour, see invisible, speed 3
a: no special abilities


You were on level 4 of the Dungeon.
You visited 1 branch of the dungeon, and saw 4 of its levels.

You collected 168 gold pieces.

Inventory:

Hand Weapons
 a - a +0 shortbow (weapon)
Armour
 c - a +1 robe (worn)
Jewellery
 h - a ring of ice
 j - a ring of fire
 p - a ring of protection from fire
Scrolls
 b - a scroll of immolation
 i - a scroll of magic mapping
 k - 4 scrolls of teleportation
Potions
 d - 3 potions of heal wounds {unknown}
 e - 3 potions of flight {unknown}
 f - 5 potions of curing
 g - 3 potions of haste {unknown}
 l - a potion of attraction {unknown}
 m - a potion of degeneration {unknown}
 n - a potion of ambrosia {unknown}
 o - a potion of berserk rage {unknown}
 q - a potion of lignification {unknown}


   Skills:
 - Level 1.5 Fighting
 + Level 7.0 Ranged Weapons
 + Level 3.3 Dodging
 - Level 1.5 Stealth


You had 4 spell levels left.
You didn't know any spells.
Your spell library contained the following spells:

 Spells                   Type           Power      Damage    Failure   Level
 Magic Dart               Conj           0%         1d3       32%         1
 Searing Ray              Conj           0%         2d4       45%         2
 Portal Projectile        Hex/Tloc       0%         N/A       69%         3
 Tukima's Dance           Hex            0%         N/A       69%         3
 Animate Dead             Necr           0%         N/A       97%         4
 Fulminant Prism          Conj/Hex       0%         3d6       97%         4
 Summon Ice Beast         Ice/Summ       0%         N/A       97%         4
 Blade Hands              Tmut           0%         N/A       100%        5
 Summon Mana Viper        Hex/Summ       0%         N/A       100%        5
 Haunt                    Necr/Summ      0%         N/A       100%        7
 Monstrous Menagerie      Summ           0%         N/A       100%        7
 Infestation              Necr           0%         N/A       100%        8


Dungeon Overview and Level Annotations

Branches:
Dungeon (4/15)
 Temple: D:4-7

Altars:

Shops:
D:4 (

Annotations:
D:4 Robin, Sigmund


Innate Abilities, Weirdness & Mutations

You are very small and have problems with some larger weapons.
You are too small for most types of armour.
You have supernaturally acute eyesight. (SInv)
You cover ground extremely quickly. (Speed+++)


Message History

Unknown command.
There are monsters nearby!
There are monsters nearby!
You shoot an arrow. The arrow hits the goblin.
The goblin is moderately wounded.
The goblin misses you.
You shoot an arrow. The arrow hits the goblin.
The goblin is severely wounded.
Robin says, "Bow before me, strongest of all the hobgoblins!"
Robin throws the goblin at you! The goblin closely misses you. x2
You shoot an arrow. The arrow hits the goblin!
You kill the goblin!
The goblin closely misses you.
You shoot an arrow. The arrow hits the goblin.
The goblin is heavily wounded.
Robin throws the goblin at you! The goblin hits you with a +0 dagger.
The goblin misses you. x2; The goblin unwields a +0 sling.
The goblin wields a +0 club.
The goblin hits you but does no damage.
You shoot an arrow. The arrow completely misses the goblin.
The goblin completely misses you. Robin throws the goblin at you!
The goblin hits you but does no damage. The goblin barely misses you.
The goblin unwields a +0 sling.
The goblin wields a +0 dagger.
The goblin completely misses you. The goblin barely misses you.
The goblin completely misses you. The goblin misses you.
The goblin closely misses you.
Robin roars a battlecry!
The goblins go into a battle-frenzy!
The goblin closely misses you.
The goblin unwields a +0 club.
The goblin wields a +0 sling.
The goblin shoots a sling bullet.
The sling bullet closely misses you.
Unknown command.
The goblin unwields a +0 dagger.
The goblin wields a +0 sling.
The goblin shoots a sling bullet.
The sling bullet misses you.
The goblin unwields a +0 club.
The goblin wields a +0 sling.
The goblin shoots a sling bullet.
The sling bullet hits you.
The goblin shoots a sling bullet.
The sling bullet hits you.
* * * LOW HITPOINT WARNING * * *
The goblin shoots a sling bullet.
The sling bullet misses you.
The goblin shoots a sling bullet.
The sling bullet hits you.
You die...

#################
#......#...#).≈≈##
#.gg...'...'..≈≈≈#
#..g.g.#...#..≈≈≈##
#'g##..#########≈≈#
#.g #..........#≈≈##
#g. #..........†...##
#.) #..).......'....#
#).
#....@.†...'....######
#..
#..........#≈≈........
#..
#.)#########≈≈....###.
#..#...#..≈≈≈####.....
#..'...').≈≈≈# ##.##.
#####...#..≈≈## #.##.
#...#####..≈≈# #.##.
#..........≈≈# #.###
#.........≈≈≈# #.# #


You could see 4 goblins.

Vanquished Creatures
  A hound (D:4)
  Ijyb (D:2)
  An orc wizard (D:3)
  4 gnolls
  2 adders (D:3)
  2 worms (D:2)
  10 orcs (D:3)
  5 ball pythons
  3 endoplasms
  A giant cockroach (D:3)
  14 goblins
  4 hobgoblins
  3 jackals (D:4)
  6 kobolds
  9 quokkas
  8 bats
  6 frilled lizards
  12 rats
92 creatures vanquished.

Notes
Turn   | Place    | Note
-------+----------+-------------------------------------------
     0 | D:1      | zeram the Spriggan Hunter began the quest for the Orb.
     0 | D:1      | Reached XP level 1. HP: 10/10 MP: 2/2
   112 | D:1      | Reached XP level 2. HP: 7/14 MP: 3/3
   648 | D:2      | Reached XP level 3. HP: 18/18 MP: 4/4
   658 | D:1      | Reached skill level 5 in Ranged Weapons
   819 | D:2      | Reached XP level 4. HP: 22/22 MP: 5/5
  1064 | D:2      | Found a faded altar of an unknown god.
  2003 | D:3      | Reached skill level 6 in Ranged Weapons
  2090 | D:3      | Noticed Ijyb
  2306 | D:3      | Paralysed by Ijyb for 4 turns
  2314 | D:3      | Paralysed by Ijyb for 2 turns
  2321 | D:3      | HP: 1/22 [Ijyb/+0 dagger (4)]
  2470 | D:2      | Killed Ijyb
  2471 | D:2      | Reached XP level 5. HP: 13/25 MP: 6/6
  3305 | D:4      | Found Jonkepn's Weapon Shop.
  3399 | D:4      | Noticed Sigmund
  3791 | D:4      | Noticed Robin
  3792 | D:4      | Reached skill level 7 in Ranged Weapons
  3805 | D:4      | Shot with a sling bullet by a goblin

Illustrated notes

Levels and vault maps discovered:
D:1:      dpeg_arrival_long_road, layout_basic,
          hangedman_abyss_or_decor_lesser_grid
D:2:      layout_basic, basic_ecumenical_altar
D:3:      kennysheep_six_static_rooms, layout_rooms, uniq_ijyb
D:4:      kennysheep_goblin_castle, layout_loops_ring, gammafunk_ghost_smash,
          serial_shops, shop, nicolae_square_shop, supply_closet_lemuel,
          hangedman_decor_growths, skrybe_limestone_x, corexii_checkpoint_b,
          hangedman_decor_diamond_cutter, uniq_sigmund

Skill      XL: |  1  2  3  4  5 |
---------------+----------------+-----
Ranged Weapons | 5 6 7 |  7.0
Dodging        | 3 |  3.3
Fighting       | |  1.5
Stealth        | |  1.5

Action                   |  1- 3 |  4- 6 || total
-------------------------+-------+-------++-------
 Fire: Shortbow          |    72 |   220 ||   292
  Use: Scroll            |       |     6 ||     6
       Potion            |       |     1 ||     1
Armor: Robe              |     3 |    15 ||    18
Dodge: Dodged            |    18 |    88 ||   106
